HSSL
COWETA HS TIGERS @ MAIZE HS
04/03/2029
 
TOP OF THE 1ST
Coweta HS Tigers batting - Pitching for Maize HS : RHP John Spencer
Pitching: RHP John Spencer
Batting: RHB Ronald McMillan 0-0: Foul Ball, location: 2F
0-1: Ball
1-1: Called Strike
1-2: Ground out 5-3 (Groundball, 56)
Batting: LHB Matt Taylor 0-0: Ball
1-0: Ball
2-0: Foul Ball, location: 2F
2-1: Called Strike
2-2: Ball
3-2: Foul Ball, location: 2F
3-2: SINGLE (Groundball, 3D)
Batting: RHB Javier Escalante 0-0: Foul Ball, location: 2F
0-1: Grounds into double play, 6-4-3 (Groundball, 6)
Top of the 1st over - 0 runs, 1 hit, 0 errors, 0 left on base; Coweta HS 0 - Maize HS 0
BOTTOM OF THE 1ST
Maize HS batting - Pitching for Coweta HS Tigers : RHP Jimmy Lewis
Pitching: RHP Jimmy Lewis
Batting: RHB Pedro Casillas 0-0: Reached via error on a dropped throw, E3
Batting: RHB Dennis Brooks 0-0: Called Strike
0-1: Ball
1-1: Foul Ball, location: 2F
1-2: Ball
2-2: Foul Ball, location: 2F
2-2: Strikes out looking
Batting: LHB Scot Godwin 0-0: Ball
1-0: Grounds into double play, 4-6-3 (Groundball, 4)
Bottom of the 1st over - 0 runs, 0 hits, 1 error, 0 left on base; Coweta HS 0 - Maize HS 0
TOP OF THE 2ND
Coweta HS Tigers batting - Pitching for Maize HS : RHP John Spencer
Batting: LHB Vito Ramírez 0-0: Ball
1-0: Ball
2-0: Foul Ball, location: 2F
2-1: Foul Ball, location: 2F
2-2: Foul Ball, location: 2F
2-2: Foul Ball, location: 2F
2-2: Strikes out swinging
Batting: RHB Jim Díaz 0-0: Ball
1-0: Swinging Strike
1-1: Fly out, F7 (Flyball, 7)
Batting: LHB Edward Cook 0-0: Called Strike
0-1: Ball
1-1: Ball
2-1: SINGLE (Line Drive, 4MD)
Batting: RHB José Avilés 0-0: Foul Ball, location: 2F
0-1: Foul Ball, location: 2F
0-2: Foul Ball, location: 2F
0-2: Ball
1-2: Ground out 4-3 (Groundball, 4M)
Top of the 2nd over - 0 runs, 1 hit, 0 errors, 1 left on base; Coweta HS 0 - Maize HS 0
BOTTOM OF THE 2ND
Maize HS batting - Pitching for Coweta HS Tigers : RHP Jimmy Lewis
Batting: LHB Aaron Scott 0-0: Ground out 4-3 (Groundball, 4M)
Batting: LHB Terry Manning 0-0: Called Strike
0-1: Swinging Strike
0-2: Ball
1-2: Strikes out looking
Batting: LHB Matthis Michaud 0-0: Ball
1-0: Ball
2-0: Called Strike
2-1: TRIPLE (Line Drive, 8RXD)
Batting: LHB Ed Nelson 0-0: Ball
1-0: 2-RUN HOME RUN (Flyball, 9LD), Distance : 360 ft
Batting: RHB Ángelo Cortéz 0-0: Called Strike
0-1: Ball
1-1: Ball
2-1: Ground out 6-3 (Groundball, 6)
Bottom of the 2nd over - 2 runs, 2 hits, 0 errors, 0 left on base; Coweta HS 0 - Maize HS 2
TOP OF THE 3RD
Coweta HS Tigers batting - Pitching for Maize HS : RHP John Spencer
Batting: SHB Mike Bryant 0-0: Fly out, F3 (Line Drive, 34)
Batting: LHB Joe Mobley 0-0: Swinging Strike
0-1: Foul Ball, location: 2F
0-2: Strikes out looking
Batting: RHB Ronald McMillan 0-0: Foul Ball, location: 2F
0-1: Swinging Strike
0-2: Fly out, F9 (Flyball, 9S)
Top of the 3rd over - 0 runs, 0 hits, 0 errors, 0 left on base; Coweta HS 0 - Maize HS 2
BOTTOM OF THE 3RD
Maize HS batting - Pitching for Coweta HS Tigers : RHP Jimmy Lewis
Batting: LHB Jorge Merced 0-0: Ball
1-0: Ball
2-0: Fly out, F5 (Popup, 5SF)
Batting: RHB Pedro Casillas 0-0: SINGLE (Flyball, 9LM)
Batting: RHB Dennis Brooks 0-0: Ball
1-0: Called Strike
1-1: Called Strike
1-2: Strikes out swinging
Batting: LHB Scot Godwin 0-0: Called Strike
Pedro Casillas steals 2nd base
0-1: Called Strike
0-2: Ball
1-2: Strikes out swinging, 2-3 out at first.
Bottom of the 3rd over - 0 runs, 1 hit, 0 errors, 1 left on base; Coweta HS 0 - Maize HS 2
TOP OF THE 4TH
Coweta HS Tigers batting - Pitching for Maize HS : RHP John Spencer
Batting: LHB Matt Taylor 0-0: Ball
1-0: Ball
2-0: Ball
3-0: Called Strike
3-1: Called Strike
3-2: Foul Ball, location: 2F
3-2: Strikes out looking
Batting: RHB Javier Escalante 0-0: Ball
1-0: Ground out 4-3 (Groundball, 4M)
Batting: LHB Vito Ramírez 0-0: Swinging Strike
0-1: Called Strike
0-2: Strikes out swinging
Top of the 4th over - 0 runs, 0 hits, 0 errors, 0 left on base; Coweta HS 0 - Maize HS 2
BOTTOM OF THE 4TH
Maize HS batting - Pitching for Coweta HS Tigers : RHP Jimmy Lewis
Batting: LHB Aaron Scott 0-0: Ball
1-0: Ball
2-0: Ball
3-0: Called Strike
3-1: Called Strike
3-2: SINGLE (Groundball, 34D)
Batting: LHB Terry Manning 0-0: Called Strike
0-1: Called Strike
0-2: Ball
1-2: Fly out, F7 (Flyball, 7LDF)
Batting: LHB Matthis Michaud 0-0: Swinging Strike
0-1: Called Strike
0-2: Ball
1-2: Fly out, F7 (Flyball, 7)
Batting: LHB Ed Nelson 0-0: Fly out, F6 (Flyball, 56D)
Bottom of the 4th over - 0 runs, 1 hit, 0 errors, 1 left on base; Coweta HS 0 - Maize HS 2
TOP OF THE 5TH
Coweta HS Tigers batting - Pitching for Maize HS : RHP John Spencer
Batting: RHB Jim Díaz 0-0: Foul Ball, location: 2F
0-1: Called Strike
0-2: Ball
1-2: Ball
2-2: Strikes out looking
Batting: LHB Edward Cook 0-0: Ball
1-0: Ball
2-0: Called Strike
2-1: Swinging Strike
2-2: Ball
3-2: Fly out, F8 (Flyball, 8LS)
Batting: RHB José Avilés 0-0: Ball
1-0: Ground out 6-3 (Groundball, 6)
Top of the 5th over - 0 runs, 0 hits, 0 errors, 0 left on base; Coweta HS 0 - Maize HS 2
BOTTOM OF THE 5TH
Maize HS batting - Pitching for Coweta HS Tigers : RHP Jimmy Lewis
Batting: RHB Ángelo Cortéz 0-0: Ground out 3-1 (Groundball, 34S)
Batting: LHB Jorge Merced 0-0: DOUBLE (Flyball, 78D)
Batting: RHB Pedro Casillas 0-0: Called Strike
0-1: Ball
1-1: Foul Ball, location: 2F
1-2: Ground out 5-3 (Groundball, 56)
Batting: RHB Dennis Brooks 0-0: Called Strike
0-1: Swinging Strike
0-2: Ball
1-2: Ball
2-2: Strikes out swinging
Bottom of the 5th over - 0 runs, 1 hit, 0 errors, 1 left on base; Coweta HS 0 - Maize HS 2
TOP OF THE 6TH
Coweta HS Tigers batting - Pitching for Maize HS : RHP John Spencer
Batting: SHB Mike Bryant 0-0: Ball
1-0: Ground out 3-1 (Groundball, 34S)
Batting: LHB Joe Mobley 0-0: Fly out, F6 (Popup, 6M)
Batting: RHB Ronald McMillan 0-0: Ball
1-0: Ball
2-0: Called Strike
2-1: Ball
3-1: Called Strike
3-2: Fly out, F7 (Flyball, 7)
Top of the 6th over - 0 runs, 0 hits, 0 errors, 0 left on base; Coweta HS 0 - Maize HS 2
BOTTOM OF THE 6TH
Maize HS batting - Pitching for Coweta HS Tigers : RHP Jimmy Lewis
Batting: LHB Scot Godwin 0-0: Ball
1-0: Ball
2-0: Ball
3-0: Called Strike
3-1: Called Strike
3-2: Foul Ball, location: 2F
3-2: Ground out 4-3 (Groundball, 4M)
Batting: LHB Aaron Scott 0-0: Ball
1-0: Swinging Strike
1-1: Ball
2-1: Foul Ball, location: 2F
2-2: SINGLE (Line Drive, 7S)
Batting: LHB Terry Manning 0-0: Ball
1-0: Foul Ball, location: 2F
1-1: SINGLE (Line Drive, 34)
Aaron Scott to second
Batting: LHB Matthis Michaud 0-0: Swinging Strike
0-1: 3-RUN HOME RUN (Flyball, 9LD), Distance : 373 ft
Batting: LHB Ed Nelson 0-0: Ball
1-0: Ball
2-0: Ball
3-0: Base on Balls
Pitching: LHP Ronald Walden
Batting: RHB Ángelo Cortéz 0-0: Ball
Ed Nelson steals 2nd base
1-0: Called Strike
1-1: Called Strike
1-2: Ground out 6-3 (Groundball, 6)
Batting: LHB Jorge Merced 0-0: Called Strike
0-1: Ball
1-1: Ball
2-1: Ball
3-1: Base on Balls
Batting: RHB Pedro Casillas 0-0: Fielders Choice at 2nd, 6-4 (Groundball, 6)
Bottom of the 6th over - 3 runs, 3 hits, 0 errors, 2 left on base; Coweta HS 0 - Maize HS 5
TOP OF THE 7TH
Coweta HS Tigers batting - Pitching for Maize HS : RHP John Spencer
Batting: LHB Matt Taylor 0-0: Called Strike
0-1: Foul Ball, location: 2F
0-2: Ball
1-2: Fly out, F9 (Flyball, 9)
Batting: RHB Javier Escalante 0-0: Ball
1-0: Ball
2-0: Foul Ball, location: 2F
2-1: Foul Ball, location: 2F
2-2: Ball
3-2: Foul Ball, location: 2F
3-2: Strikes out swinging
Batting: LHB Vito Ramírez 0-0: Ball
1-0: Ball
2-0: Foul Ball, location: 2F
2-1: Foul Ball, location: 2F
2-2: Foul Ball, location: 2F
2-2: Ball
3-2: Foul Ball, location: 2F
3-2: Strikes out swinging
Top of the 7th over - 0 runs, 0 hits, 0 errors, 0 left on base; Coweta HS 0 - Maize HS 5
BOTTOM OF THE 7TH
Maize HS batting - Pitching for Coweta HS Tigers : LHP Ronald Walden
Batting: RHB Dennis Brooks 0-0: Called Strike
0-1: Fly out, F5 (Popup, 5F)
Batting: LHB Scot Godwin 0-0: Called Strike
0-1: SINGLE (Line Drive, 6D)
Batting: LHB Aaron Scott 0-0: Called Strike
0-1: Ball
1-1: Foul Ball, location: 2F
1-2: Foul Ball, location: 2F
1-2: Foul Ball, location: 2F
1-2: Foul Ball, location: 2F
1-2: Foul Ball, location: 2F
1-2: Ball
2-2: Ball
3-2: Foul Ball, location: 2F
3-2: Fly out, F9 (Flyball, 9LM)
Batting: LHB Terry Manning 0-0: Ball
1-0: Fly out, F1 (Popup, 15)
Bottom of the 7th over - 0 runs, 1 hit, 0 errors, 1 left on base; Coweta HS 0 - Maize HS 5
TOP OF THE 8TH
Coweta HS Tigers batting - Pitching for Maize HS : RHP John Spencer
Pitching: RHP Willie Martínez
Now in RF: David Cox
Batting: RHB Jim Díaz 0-0: Ball
1-0: Swinging Strike
1-1: Ground out 4-3 (Groundball, 4MD)
Batting: LHB Edward Cook 0-0: Ball
1-0: Swinging Strike
1-1: Foul Ball, location: 2F
1-2: Foul Ball, location: 2F
1-2: Ball
2-2: Strikes out swinging
Batting: RHB José Avilés 0-0: Ball
1-0: Swinging Strike
1-1: Swinging Strike
1-2: Strikes out swinging
Top of the 8th over - 0 runs, 0 hits, 0 errors, 0 left on base; Coweta HS 0 - Maize HS 5
BOTTOM OF THE 8TH
Maize HS batting - Pitching for Coweta HS Tigers : LHP Ronald Walden
Batting: LHB Matthis Michaud 0-0: Ball
1-0: Called Strike
1-1: Ball
2-1: Ball
3-1: Base on Balls
Batting: LHB Ed Nelson 0-0: Called Strike
0-1: Ball
1-1: Ball
2-1: Foul Ball, location: 2F
2-2: Foul Ball, location: 2F
2-2: Foul Ball, location: 2F
2-2: SINGLE (Line Drive, 89S)
Matthis Michaud to second
Batting: RHB Ángelo Cortéz 0-0: Foul Ball, location: 2F
0-1: Foul Ball, location: 2F
0-2: Ball
1-2: Ball
2-2: Ball
3-2: Strikes out swinging
Pitching: RHP Corey Wyatt
Batting: LHB Jorge Merced 0-0: Called Strike
0-1: Ball
1-1: Foul Ball, location: 2F
1-2: Fielders Choice at 2nd, 3-6 (Groundball, 34)
Matthis Michaud to third
Batting: RHB Pedro Casillas 0-0: Fly out, F6 (Line Drive, 6)
Bottom of the 8th over - 0 runs, 1 hit, 0 errors, 2 left on base; Coweta HS 0 - Maize HS 5
TOP OF THE 9TH
Coweta HS Tigers batting - Pitching for Maize HS : RHP Willie Martínez
Batting: SHB Mike Bryant 0-0: Ball
1-0: Ball
2-0: Fly out, F8 (Flyball, 78M)
Batting: LHB Joe Mobley 0-0: Called Strike
0-1: SINGLE (Flyball, 8LS)
Batting: RHB Ronald McMillan 0-0: Called Strike
0-1: Called Strike
0-2: Foul Ball, location: 2F
0-2: Strikes out swinging
Batting: LHB Matt Taylor 0-0: Ground out 4-3 (Groundball, 4)
Top of the 9th over - 0 runs, 1 hit, 0 errors, 1 left on base; Coweta HS 0 - Maize HS 5
Saturday, December 16th, 2017 - OOTP Baseball 18.8 Build 76